 Dungeon Crawl Stone Soup version 0.24-a0-201-gf205589 (webtiles) character file.

Game seed: 17726089098580527057

387 Borgoz the Cutter (level 6, -7/52 (53) HPs)
             Began as a Ghoul Monk on Mar 22, 2019.
             Mangled by a wraith (8 damage)
             ... in an ossuary.
             The game lasted 00:08:33 (3675 turns).

Borgoz the Cutter (Ghoul Monk)                      Turns: 3675, Time: 00:08:33

HP:   -7/52 (53)    AC:  5    Str: 12 (15) XL:     6   Next: 78%
MP:   5/5           EV: 13    Int:  4 (6)  God:
Gold: 104           SH:  0    Dex: 12      Spells: 5/5 levels left

rFire    . . .     SeeInvis .   a - +1 short sword
rCold    + + .     Gourm    .   (no shield)
rNeg     + + +     Faith    .   i - +2 leather armour {rC+}
rPois    ∞         Spirit   .   (no helmet)
rElec    .         Reflect  .   (no cloak)
rCorr    .         Harm     .   (no gloves)
MR       .....                  (no boots)
Stlth    ++........             (no amulet)
HPRegen  0.00/turn              (no ring)
MPRegen  0.09/turn              (no ring)

@: rotting, slowed, very slow
A: rotting body, claws 1, carnivore, cold resistance 1, negative energy
resistance 3, inhibited regeneration, torment resistance, unbreathing
a: no special abilities


You were in an ossuary.
You were not hungry.

You visited 1 branch of the dungeon, and saw 5 of its levels.
You also visited: Ossuary.

You collected 104 gold pieces.

Inventory:

Hand Weapons
 a - a +1 short sword (weapon)
Missiles
 o - a throwing net (quivered)
Armour
 i - a +2 leather armour of cold resistance (worn)
Scrolls
 h - a scroll of remove curse
 j - a scroll of amnesia
 n - a scroll of fear
Potions
 b - 2 potions of lignification
 d - a potion of flight
 e - 4 potions of curing
Comestibles
 c - 3 rations


   Skills:
 + Level 4.5 Fighting
 * Level 4.6 Short Blades
 * Level 2.8 Armour
 + Level 3.6 Dodging
 - Level 2.3 Stealth


You had 5 spell levels left.
You didn't know any spells.
Your spell library was empty.

Dungeon Overview and Level Annotations

Branches:
Dungeon (5/15)
 Temple: D:4-7

Altars:

Annotations:
D:3 Ijyb


Innate Abilities, Weirdness & Mutations

Your body is rotting away.
You thrive on raw meat.
You are immune to poison.
You have sharp fingernails.
You are carnivorous and can eat meat at any time.
Your flesh is cold resistant. (rC+)
You are immune to negative energy. (rN+++)
You do not regenerate when monsters are visible.
You are immune to unholy pain and torment.
You can survive without breathing.


Message History

The wraith drains your vigour!
You feel as though you will be slow longer.
You closely miss the wraith.
The wraith is lightly damaged.
The wraith hits you!
* * * LOW HITPOINT WARNING * * *
You barely miss the wraith.
The wraith is lightly damaged.
The wraith hits you!
* * * LOW HITPOINT WARNING * * *
You hit the wraith but do no damage.
The wraith is lightly damaged.
The wraith closely misses you.
You hit the wraith but do no damage.
The wraith is lightly damaged.
The wraith hits you but does no damage. The wraith barely misses you.
You closely miss the wraith.
The wraith is lightly damaged.
The wraith hits you!
You die...

.# #..# .# #..#+#..#
#..#.#^.#. ..^......
......... ####......#
#. #?W@..8...#
#..####......#
#..........^.#.
#........^......
#..####.####.... #.
#.'..# ..8.
#..####.####.....####.#
#......................
#............#.#.......


You could see a wraith.

Vanquished Creatures
  An ogre (D:4)
  A bullfrog (D:4)
  A human zombie (Ossuary)
  A worker ant (D:5)
  3 mummies (Ossuary)
  5 gnolls
  3 adders
  2 worms (D:2)
  2 dart slugs
  2 orcs (D:3)
  2 giant cockroaches
  A gnoll zombie (Ossuary)
  10 goblins
  10 hobgoblins
  2 jackals
  6 kobolds
  3 ball pythons (D:3)
  5 bats
  2 frilled lizards
  A goblin zombie (Ossuary)
  3 hobgoblin zombies
  3 kobold zombies (Ossuary)
  8 rats
  A rat zombie (D:4)
78 creatures vanquished.

Notes
Turn   | Place    | Note
-------+----------+-------------------------------------------
     0 | D:1      | Borgoz the Ghoul Monk began the quest for the Orb.
     0 | D:1      | Reached XP level 1. HP: 19/19 MP: 0/0
   102 | D:1      | Reached XP level 2. HP: 11/25 MP: 1/1
   853 | D:2      | Reached XP level 3. HP: 30/33 MP: 2/2
  1350 | D:1      | Reached XP level 4. HP: 19/40 MP: 3/3
  1701 | D:2      | Reached skill level 1 in Armour
  2408 | D:3      | Noticed Ijyb
  2418 | D:3      | Paralysed by Ijyb for 2 turns
  2464 | D:2      | Reached XP level 5. HP: 13/46 MP: 4/4
  3119 | D:4      | Found a sand-covered staircase.
  3120 | D:4      | Noticed an ogre
  3140 | D:4      | Killed an ogre
  3140 | D:4      | Reached XP level 6. HP: 15/53 MP: 5/5
  3221 | D:5      | Entered Level 5 of the Dungeon
  3247 | D:5      | Noticed an ice beast
  3270 | Ossuary  | Entered an ossuary
  3270 | Ossuary  | Noticed a wraith
  3270 | Ossuary  | Noticed a wraith
  3270 | Ossuary  | Noticed a wraith
  3660 | Ossuary  | Noticed a wraith
  3672 | Ossuary  | HP: 1/52 [wraith (13)]
  3675 | Ossuary  | Mangled by a wraith

Levels and vault maps discovered:
D:1:      scummos_arrival_simple_fountains, layout_basic,
          kennysheep_small_spiral
D:2:      layout_loops_cross
D:3:      layout_rooms, uniq_ijyb
D:4:      layout_gridville, minmay_temple_entry_nine_rooms, enter_ossuary_3,
          first_ration, serial_shops, shop
D:5:      layout_cave_pools, lemuel_round_altar, basic_altar
Ossuary:  ossuary_kennysheep_city_of_the_dead

Skill      XL: |  1  2  3  4  5 |
---------------+----------------+-----
Short Blades   | 3 4 |  4.6
Dodging        | 3 |  3.6
Armour         | 1 2 |  2.8
Fighting       | 4 |  4.5
Stealth        | |  2.3

Action                   |  1- 3 |  4- 6 || total
-------------------------+-------+-------++-------
Melee: Short sword       |   159 |   342 ||   501
Throw: Throwing net      |       |     2 ||     2
  Use: Potion            |       |     6 ||     6
       Scroll            |       |     7 ||     7
 Stab: Sleeping          |     1 |     3 ||     4
       Held in net/web   |       |     1 ||     1
  Eat: Chunk             |    11 |    19 ||    30
Armor: Robe              |     6 |       ||     6
       Leather armour    |    19 |    82 ||   101
Dodge: Dodged            |   104 |   231 ||   335

Table legend:
 A = Non-vault XP
 B = Vault XP
 C = Vault XP percentage of total XP
 D = Non-vault monster count
 E = Vault monster count
 F = Vault count percentage of total count
                 A         B        C        D         E       F
            +---------+---------+-------+---------+---------+-------
      Total |     444 |     109 |  19.7 |      65 |      13 |  16.7
            +---------+---------+-------+---------+---------+-------
        D:1 |      54 |       0 |   0.0 |      16 |       0 |   0.0
        D:2 |     105 |       0 |   0.0 |      30 |       0 |   0.0
        D:3 |      35 |       0 |   0.0 |      13 |       0 |   0.0
        D:4 |     216 |       2 |   0.9 |       5 |       2 |  28.6
        D:5 |      34 |       0 |   0.0 |       1 |       0 |   0.0
    Ossuary |       0 |     107 | 100.0 |       0 |      11 | 100.0
            +---------+---------+-------+---------+---------+-------
